 Dungeon Crawl Stone Soup version 0.29.1-14-g9c671dbff4 (webtiles) character file.

Game seed: 12501365339367911320

452318 KittyFluff the Hoplite (level 24, -8/187 HPs)
             Began as a Gargoyle Berserker on Feb 16, 2023.
             Was the Champion of Trog.
             Killed from afar by a deep elf sorcerer (34 damage)
             ... with damnation
             ... on level 3 of the Elven Halls on Feb 19, 2023.
             The game lasted 09:02:33 (68580 turns).

KittyFluff the Hoplite (Gargoyle Berserker)        Turns: 68580, Time: 09:02:33

Health: -8/187     AC: 27    Str: 26    XL:     24   Next: 32%
Magic:  0/23       EV: 20    Int: 17    God:    Trog [******]
Gold:   1831       SH: 39    Dex: 14    Spells: 23/23 levels left

rFire   . . .      SeeInvis .   T - +9 eveningstar (vorpal)
rCold   . . .      Faith    .   x - +8 tower shield {reflect}
rNeg    + . .      Spirit   +   (no body armour)
rPois   ∞          Reflect  +   p - +2 helmet
rElec   +          Harm     .   q - +2 cloak {Stlth+}
rCorr   .          Rampage  .   h - +0 pair of gloves {Str+3}
Will    +....                   l - +1 pair of boots
Stlth   ++++......              d - brooch of Shielding {Spirit SH+8}
HPRegen 1.21/turn               D - +4 ring of slaying
MPRegen 0.18/turn               o - ring of Descent {+Blink EV+4 Int+6}

@: corroded, on berserk cooldown, flying, slowed, very slow
A: sickness immunity, AC +18, big wings, negative energy resistance 1,
electricity resistance, torment resistance 1, petrification resistance, clever
1, mutation resistance 1, regeneration 1, robust 1, [dopey 2]
}: 2/15 runes: serpentine, barnacled
a: Renounce Religion, Evoke Blink, Berserk, Trog's Hand, Brothers in Arms


You were on level 3 of the Elven Halls.
You worshipped Trog.
Trog was exalted by your worship.
You visited 8 branches of the dungeon, and saw 41 of its levels.
You visited the Abyss 4 times.
You visited 1 bazaar.
You also visited: Ossuary and Ice Cave.

You collected 6264 gold pieces.
You spent 4433 gold pieces at shops.

Inventory:

Hand Weapons
 i - a +3 antimagic demon whip
 T - a +9 vorpal eveningstar (weapon)
 V - a +2 vorpal sling
Missiles
 k - 79 poisoned darts
 C - 10 javelins
 E - 6 datura-tipped darts
 L - 19 silver javelins
 W - 35 boomerangs (quivered)
Armour
 a - a scarf of repulsion
 b - +0 gold dragon scales
 g - +0 fire dragon scales
 h - a +0 pair of gloves of strength (worn)
 l - a +1 pair of boots (worn)
 p - a +2 helmet (worn)
 q - a +2 cloak of stealth (worn)
 t - a +3 plate armour of willpower
 x - a +8 tower shield of reflection (worn)
 z - a +2 chain mail of positive energy
 H - the +1 plate armour "Foshre" {rCorr Dex+2}
   (You bought it in a shop on level 3 of the Depths)

   Dex:       It affects your dexterity (+2).
   rCorr:     It protects you from acid and corrosion.
 Z - +0 shadow dragon scales
Jewellery
 c - a ring of see invisible
 d - the brooch of Shielding (around neck) {Spirit SH+8}
   (You bought it in a shop on level 10 of the Dungeon)

   [amulet of guardian spirit]

   It causes incoming damage to be divided between your reserves of health and
   magic.
   SH:        It affects your SH (+8).
 o - the ring of Descent (right hand) {+Blink EV+4 Int+6}
   (You bought it in a shop on level 10 of the Dungeon)

   [ring of evasion]

   EV:        It affects your evasion (+4).
   Int:       It affects your intelligence (+6).
   +Blink:    It lets you blink.
 D - a +4 ring of slaying (left hand)
Wands
 f - a wand of iceblast (20)
 j - a wand of flame (86)
 s - a wand of charming (31)
 u - a wand of light (20)
 N - a wand of mindburst (24)
 X - a wand of digging (13)
Scrolls
 m - 7 scrolls of poison
 F - 6 scrolls of fog
 G - 3 scrolls of summoning
 I - 16 scrolls of teleportation
 K - 4 scrolls of fear
 O - 9 scrolls of magic mapping
 P - 5 scrolls of blinking
 Q - 4 scrolls of torment
 U - 2 scrolls of silence
 Y - 10 scrolls of immolation
Potions
 e - 6 potions of heal wounds
 r - 16 potions of curing
 v - 10 potions of attraction
 w - 8 potions of mutation
 A - 8 potions of lignification
 B - 8 potions of haste
 J - 6 potions of cancellation
 M - 4 potions of resistance
 R - 10 potions of might
 S - 4 potions of invisibility
Miscellaneous
 n - a box of beasts
 y - a phial of floods


   Skills:
 * Level 22.9 Fighting
 + Level 19.8 Maces & Flails
 + Level 9.2 Ranged Weapons
 + Level 3.3 Throwing
 * Level 20.3 Armour
 + Level 11.0 Dodging
 + Level 6.4 Stealth
 + Level 22.9 Shields
 + Level 0.4 Unarmed Combat
 + Level 1.3 Evocations


You had 23 spell levels left.
You didn't know any spells.
Your spell library was empty.

Dungeon Overview and Level Annotations

Branches:
Dungeon (15/15)            Temple (0/1) D:7            Lair (5/5) D:9
 Shoals (4/4) Lair:2        Snake (4/4) Lair:3        Slime (0/5) Lair:5
    Orc (2/2) D:12            Elf (3/3) Orc:2        Vaults (4/5) D:13
  Crypt (0/3) Vaults:2     Depths (4/4) D:15            Zot (0/5) Depths:4
Ossuary (visited)           IceCv (visited)

Altars:
Cheibriados
Dithmenos
Elyvilon
Fedhas
Gozag
Kikubaaqudgha
Makhleb
Okawaru
Sif Muna
Uskayaw
Xom
Yredelemnul
The Shining One

Shops:
D:5 *=   D:6 !   D:10 =!=??   Orc:2 !**!!!   Elf:1 (   Shoals:2 (   Snake:2 !
Snake:3 *!   Depths:3 ([

Portals:
Hell: Depths:1 Depths:2 Depths:3 Depths:4
Abyss: Depths:3 Depths:4
Pandemonium: Depths:2
Ziggurat: Depths:4

Annotations:
D:3 3 runed translucent doors, Wentworth's ghost, amateur GnTm
Shoals:1 2 runed translucent doors, middlethird's ghost, adept MeFE


Innate Abilities, Weirdness & Mutations

You are immune to sickness and miasma.
Your stone body is resilient. (AC +18)
You are immune to poison.
Your large and strong wings let you fly.
You resist negative energy. (rN+)
You are resistant to electric shocks. (rElec)
You are resistant to unholy torment.
You are immune to petrification.
Your mind is acute. (Int +4, Str/Dex -1)
You are somewhat resistant to further mutation.
Your natural rate of healing is unusually fast.
You are robust. (+10% HP)
[You are very dopey. (Int -4)]


Message History

A deafening chorus of shrieks assaults your mind!
* * * LOW HITPOINT WARNING * * *
You suddenly lose the ability to move!
You can move again.
There is a gateway leading out of the Abyss here.
You block the large abomination's attack. x2
Your memory of the abyssal rune fades away.
You pass through the gate.
Welcome back to the Elven Halls!
Items here: $ ) ? [.
A red film seems to cover your vision as you go berserk!
You feel yourself moving faster!
You feel mighty!
You block the large abomination's attack.
The deep elf sorcerer points at you and mumbles some strange words.
You easily resist.
You pound the large abomination like an anvil!!!
You destroy the large abomination!
Trog accepts your kill.
The deep elf demonologist gestures wildly while chanting.
The deep elf sorcerer casts a spell.
The deep elf sorcerer seems to speed up.
You feel a strong urge to attack something.
Things that are here:
a +0 rapier; an elf skeleton You feel your anger nearly subside.
Items here: )) [ ÷.
You are no longer berserk.
You are exhausted.
You feel yourself slow down.
You see here a +0 dagger.
The deep elf sorcerer gestures at you while chanting.
The bolt of acid hits you.
* * * LOW HITPOINT WARNING * * *
The acid corrodes you!
Things that are here:
a +0 rapier; a +0 leather armour; the +8 whip "Wilauph" {flame, rC+++ rN++ Will- Int-2} The deep elf sorcerer says, "Argatax netranoch dertex."
The deep elf sorcerer points at you and mumbles some strange words.
The sphere of damnation explodes!
The damnation engulfs you!!!
You die...

#1e1e4*##..[...)....##....###.§§
#e.e..##....?e.....##.......§§§
...e.e..##......4....##.......§§§
........##.........[.##......§§§§
......######...e...### #.....§§#
.....## ##.[[..## #....§## ##.###
###.### ###.### ## #)#.# ##
###)@.# #.[[### ##).# #.).# #.[##
# ##..## ## #..[.# #. #..).# #
#)).## #


You could see a deep elf sorcerer (fast) and a deep elf demonologist.

Vanquished Creatures
  A juggernaut (Depths:3)
  Vv (Depths:4)
  Vashnia (Snake:4)
  Xtahua (Depths:4)
  Frederick (Depths:4)
  4 caustic shrikes (Depths:2)
  3 golden dragons
  A Hell Sentinel (Abyss:4)
  A hellephant (Depths:3)
  2 quicksilver dragons
  A titan (Depths:2)
  3 deep elf blademasters
  A lich (Depths:1)
  2 deep elf master archers (Elf:3)
  A kraken (Shoals:4)
  4 tentacled starspawn
  2 Executioners
  Agnes (Snake:3)
  5 sphinxes
  A storm dragon (Depths:3)
  3 shadow dragons
  2 draconian monks
  A tengu reaver (Depths:1)
  5 nagarajas
  A daeva (Abyss:3)
  7 vault wardens
  9 frost giants
  2 iron dragons
  5 fire giants
  Aizul (Snake:2)
  A juggernaut zombie (Depths:1)
  2 draconian scorchers
  An orc warlord (Vaults:4)
  7 deep elf sorcerers
  3 deep elf elementalists (Elf:3)
  A draconian shifter (Abyss:4)
  A spriggan defender (Depths:3)
  12 stone giants
  A draconian annihilator (Abyss:4)
  27 very ugly things
  12 ironbound preservers
  4 reapers
  A green draconian (Depths:4)
  6 ironbound thunderhulks
  4 vampire knights
  A war gargoyle (Vaults:2)
  9 dire elephants
  The ghost of nalyd1 the Markskobold, a journeyman KoHu of Dithmenos (Lair:4)
  2 lorocyprocas
  6 deep elf annihilators (Elf:3)
  11 spark wasps
  8 deep elf demonologists (Elf:3)
  A dire elephant (shapeshifter) (Abyss:4)
  A purple draconian (Depths:4)
  3 entropy weavers
  A red draconian (Depths:4)
  5 yellow draconians
  4 fire dragons
  A crystal guardian (Vaults:1)
  3 ettins
  3 deep elf death magi (Elf:3)
  4 merfolk javelineers
  10 merfolk impalers
  8 yaktaur captains
  2 deep elf high priests (Elf:3)
  12 great orbs of eyes
  A rakshasa (Abyss:3)
  4 salamander tyrants (Snake:4)
  2 vault guards (Vaults:1)
  4 hydras
  5 ice dragons
  4 two-headed ogres
  8 boulder beetles
  8 ironbound frosthearts
  Fannar (Orc:2)
  2 peacekeepers
  Erolcha (D:13)
  4 spriggan air magi
  3 merfolk avatars
  A catoblepas (Lair:5)
  9 centaur warriors
  28 dancing weapons
  5 merfolk aquamancers
  16 anacondas
  A death knight (Vaults:2)
  2 satyrs
  13 naga warriors
  A satyr (shapeshifter) (Depths:2)
  9 death yaks
  3 deep troll shamans
  A vampire mage (Vaults:2)
  10 hell hogs
  3 tengu warriors
  10 naga sharpshooters
  4 deep troll earth magi
  3 orc high priests
  2 shock serpents (Snake:3)
  15 large abominations
  4 thrashing horrors
  2 hell knights
  8 spriggan berserkers
  A sun demon (Abyss:2)
  Sonja (D:13)
  6 iron trolls
  4 wretched stars
  19 deep elf knights
  A shadow wraith (D:13)
  A spatial maelstrom (Abyss:4)
  A sixfirhy (Abyss:2)
  53 deep trolls
  5 salamander mystics
  9 sea snakes
  2 glowing orange brains
  2 flayed ghosts
  6 naga ritualists
  14 lindwurms
  A phantasmal warrior (Vaults:2)
  31 deep elf pyromancers
  17 deep elf zephyrmancers
  11 deep elf archers
  10 ironbound convokers
  9 wizards
  9 mana vipers
  11 harpies
  A shadow dragon zombie (Depths:1)
  An orange crystal statue (Depths:1)
  36 ugly things
  A harpy (shapeshifter) (D:15)
  2 necromancers
  12 salamanders
  A frost giant zombie (Depths:1)
  2 wolf spiders
  An oklob plant (Shoals:2)
  11 orc knights
  A shadow dragon skeleton (Depths:1)
  10 fauns
  5 cyclopes
  2 draconians (Abyss:4)
  8 orc sorcerers
  A worldbinder (Abyss:2)
  Joseph (D:7)
  24 manticores
  Maurice (Orc:2)
  9 merfolk sirens
  A frost giant skeleton (Depths:3)
  13 elephants
  4 guardian serpents
  An ice statue (IceCv)
  42 black mambas
  2 apocalypse crabs (Abyss:2)
  16 vault sentinels
  2 rust devils
  14 cane toads
  15 naga magi
  An orange demon (Abyss:2)
  2 water nymphs (Shoals:2)
  2 smoke demons
  Maggie (D:7)
  7 komodo dragons
  A kobold demonologist (D:13)
  3 unseen horrors
  A yaktaur (shapeshifter) (Elf:3)
  5 rime drakes
  An efreet (Abyss:3)
  A hellion (Abyss:2)
  24 yaktaurs
  6 tengu conjurers
  3 freezing wraiths
  3 ancient zymes
  5 ice devils
  2 hellwings
  2 red devils (Depths:2)
  5 wind drakes
  39 merfolk
  10 polar bears
  9 trolls
  20 blink frogs
  15 dream sheep
  6 hornets
  56 slime creatures
  4 raiju
  10 snapping turtles
  A centaur simulacrum (D:13)
  A culicivora (Vaults:2)
  An iron dragon simulacrum (Depths:3)
  A jumping spider (shapeshifter) (D:11)
  A flying skull (Abyss:3)
  3 spriggans (Depths:4)
  A jumping spider (Vaults:1)
  14 starcursed masses
  5 shadows
  12 wyverns
  A yak (shapeshifter) (D:13)
  7 air elementals (Elf:2)
  2 wraiths
  2 ynoxinuls
  9 fire elementals
  3 fire bats (Abyss:3)
  3 basilisks
  49 yaks
  2 steam dragons
  17 water elementals
  6 redbacks
  A redback (shapeshifter) (Depths:4)
  5 chaos spawn
  2 neqoxecs (Abyss:2)
  A death yak simulacrum (Lair:5)
  Edmund (D:6)
  3 wargs
  A spatial vortex (Abyss:4)
  2 acid dragons
  40 nagas
  27 water moccasins
  40 orc warriors
  A glowing shapeshifter skeleton (Depths:3)
  A floating eye (Depths:2)
  5 ice beasts
  2 sky beasts (D:7)
  32 wolves
  10 boggarts
  10 centaurs
  7 small abominations
  6 ogres
  7 kobold brigands
  A phantom (D:5)
  An elf zombie (D:6)
  14 bullfrogs
  9 earth elementals
  2 necrophages
  5 scorpions
  3 elf skeletons (D:6)
  2 water moccasin zombies (Ossuary)
  2 wights
  5 killer bees (D:9)
  An elephant simulacrum (Lair:5)
  6 howler monkeys
  6 quasits
  3 centaur zombies (Ossuary)
  7 hounds
  45 orc priests
  Crazy Yiuf (D:2)
  A human zombie (D:6)
  2 jellies
  42 orc wizards
  An iguana (D:5)
  2 polar bear simulacra (Lair:5)
  11 adders
  4 gnolls
  2 shadow imps
  4 white imps
  3 ufetubi
  2 adder zombies (Ossuary)
  2 worms
  2 dart slugs
  137 orcs
  7 endoplasms
  3 giant cockroaches
  3 gnoll zombies (Ossuary)
  10 goblins
  12 hobgoblins
  4 jackals
  19 kobolds
  5 quokkas
  9 ball pythons
  4 bats
  3 frilled lizards (D:2)
  3 goblin zombies (Ossuary)
  3 hobgoblin zombies (Ossuary)
  An orc skeleton (D:6)
  An orc zombie (Ossuary)
  A rat (D:3)
  A lurking horror (Abyss:3)
1919 creatures vanquished.

Vanquished Creatures (collateral kills)
  A very ugly thing (Abyss:4)
  A merfolk aquamancer (Shoals:4)
  A hell hog (Depths:3)
  2 draconians (Abyss:4)
  A shadow (Abyss:4)
  Menkaure (D:7)
  Duvessa (D:7)
  Dowan (D:7)
  2 orc wizards (Orc:2)
11 creatures vanquished.

Vanquished Creatures (others)
  A nagaraja (Snake:3)
  A deep elf annihilator (Elf:3)
  A deep elf knight (Elf:2)
  3 deep elf pyromancers
  2 deep elf zephyrmancers
  3 boggarts
  3 demonic plants
  8 foxfires (Abyss:3)
  55 fungi
  113 plants
  4 starspawn tentacles
  128 tentacles (Shoals:4)
  A withered plant (D:6)
323 creatures vanquished.

Grand Total: 2253 creatures vanquished

Notes
Turn   | Place    | Note
-------+----------+-------------------------------------------
     0 | D:1      | KittyFluff the Gargoyle Berserker began the quest for the
                  | Orb.
     0 | D:1      | Reached XP level 1. HP: 14/14 MP: 1/1
   293 | D:1      | Reached XP level 2. HP: 16/19 MP: 2/2
  1014 | D:2      | Reached XP level 3. HP: 23/23 MP: 3/3
  1524 | D:2      | Reached ** piety under Trog
  1781 | D:2      | Reached XP level 4. HP: 24/29 MP: 4/4
  1827 | D:2      | Found a runed translucent door.
  1828 | D:2      | Noticed Crazy Yiuf
  2706 | D:2      | Killed Crazy Yiuf
  2707 | D:2      | Reached XP level 5. HP: 29/33 MP: 5/5
  3044 | D:3      | Found a runed translucent gate.
  3044 | D:3      | Found a runed translucent gate.
  3044 | D:3      | Found a runed translucent gate.
  3047 | D:3      | Noticed Wentworth's ghost (amateur GnTm)
  3047 | D:3      | Noticed a kobold brigand
  3278 | D:3      | Found a faded altar of an unknown god.
  3465 | D:3      | Reached *** piety under Trog
  3705 | D:4      | Reached skill level 1 in Stealth
  3797 | D:4      | Reached XP level 6. HP: 30/38 MP: 6/6
  4508 | D:4      | Reached skill level 5 in Maces & Flails
  4665 | D:5      | Entered Level 5 of the Dungeon
  4665 | D:5      | Found Duidalorua's Jewellery Shop.
  4815 | D:5      | Reached XP level 7. HP: 30/43 MP: 7/7
  4930 | D:5      | Found a snail-covered altar of Cheibriados.
  4930 | D:5      | Found a basalt altar of Yredelemnul.
  5335 | D:5      | Reached XP level 8. HP: 32/48 MP: 8/8
  5568 | D:5      | Found Hedghekos's General Store.
  5825 | D:5      | Reached skill level 5 in Armour
  6009 | D:6      | Identified the +1 ring mail of Tuurof {rF+}
  6075 | D:6      | Reached skill level 5 in Fighting
  6093 | D:6      | Found a sand-covered staircase.
  6163 | Ossuary  | Entered an ossuary
  6228 | Ossuary  | Reached **** piety under Trog
  6374 | Ossuary  | Reached skill level 1 in Ranged Weapons
  6464 | Ossuary  | Noticed a silent spectre
  6856 | D:6      | Noticed Edmund
  6882 | D:6      | Killed Edmund
  6883 | D:6      | Reached XP level 9. HP: 19/54 MP: 9/9
  7189 | D:6      | Noticed a two-headed ogre
  7249 | D:6      | Found a white marble altar of Elyvilon.
  7502 | D:6      | Found an ancient bone altar of Kikubaaqudgha.
  7603 | D:6      | Killed a two-headed ogre
  7852 | D:6      | Found Ziulaush's Distillery.
  8018 | D:7      | Noticed Dowan
  8019 | D:7      | Noticed Duvessa
  8021 | D:7      | Noticed Menkaure
  8124 | D:7      | Noticed Maggie
  8148 | D:7      | Killed Maggie
  8293 | D:7      | Found a staircase to the Ecumenical Temple.
  8398 | D:7      | Noticed Joseph
  8420 | D:7      | Killed Joseph
  8421 | D:7      | Reached XP level 10. HP: 48/61 MP: 10/10
  8721 | D:7      | Killed Duvessa
  8724 | D:7      | Killed Menkaure
  8733 | D:7      | Killed Dowan
  9156 | D:7      | Found a runed translucent door.
  9726 | D:7      | Reached skill level 10 in Maces & Flails
 10037 | D:7      | Noticed an unseen horror
 10070 | D:7      | Killed an unseen horror
 10083 | D:7      | Noticed a boulder beetle
 10313 | D:7      | Killed a boulder beetle
 10314 | D:7      | Reached skill level 5 in Dodging
 10314 | D:7      | Reached XP level 11. HP: 17/68 MP: 11/11
 10500 | D:7      | Noticed a two-headed ogre
 10511 | D:7      | Killed a two-headed ogre
 10522 | D:7      | Noticed a purple ugly thing
 10932 | D:7      | Killed a purple ugly thing
 11000 | D:7      | Noticed a two-headed ogre
 11010 | D:7      | Killed a two-headed ogre
 11135 | D:7      | Reached ***** piety under Trog
 11202 | D:7      | Identified the +6 shortbow of the Establishment {venom,
                  | Drain rN+ Int+6}
 11210 | D:7      | Identified the +11 hand axe "Baom" {freeze, rElec Str-4
                  | Dex-4 SInv}
 11451 | D:8      | Found an opulent altar of Gozag.
 12448 | D:9      | Reached skill level 1 in Shields
 12473 | D:9      | Found a staircase to the Lair.
 12857 | D:9      | Found an iron altar of Okawaru.
 13135 | D:9      | Found a shimmering blue altar of Sif Muna.
 13561 | D:10     | Entered Level 10 of the Dungeon
 13599 | D:10     | Found Caqick's Magic Scroll Shop.
 13697 | D:10     | Found Jebigh's Distillery.
 13723 | D:10     | Found Qietejekh's Jewellery Shoppe.
 13773 | D:10     | Found Xoit's Jewellery Shop.
 14494 | D:10     | Found Bidaoril's Magic Scroll Boutique.
 15567 | Lair:1   | Entered Level 1 of the Lair of Beasts
 15627 | D:8      | Reached XP level 12. HP: 23/76 MP: 12/12
 16197 | D:9      | Received a gift from Trog
 16736 | Lair:1   | Noticed a boulder beetle
 16947 | Lair:1   | Killed a boulder beetle
 16948 | Lair:1   | Reached skill level 5 in Ranged Weapons
 17518 | Lair:1   | Reached skill level 10 in Armour
 17948 | Lair:2   | Found a staircase to the Shoals.
 19532 | D:10     | Bought the ring of Descent {+Blink EV+4 Int+6} for 876 gold
                  | pieces
 19578 | D:10     | Bought a potion of degeneration for 11 gold pieces
 19624 | D:10     | Bought a scroll of identify for 28 gold pieces
 19624 | D:10     | Bought a scroll of identify for 28 gold pieces
 19639 | D:10     | Bought a potion of lignification for 33 gold pieces
 19866 | Lair:3   | Noticed an eight-headed hydra
 19876 | Lair:3   | Killed an eight-headed hydra
 20223 | Lair:3   | Reached skill level 10 in Fighting
 20275 | Lair:3   | Reached skill level 5 in Shields
 20422 | Lair:3   | Found a staircase to the Snake Pit.
 20476 | Lair:3   | Reached skill level 1 in Throwing
 20788 | Lair:3   | Reached XP level 13. HP: 82/82 MP: 13/13
 21208 | Lair:4   | Found a runed translucent door.
 22091 | Lair:4   | Noticed nalyd1's ghost (journeyman KoHu)
 22203 | Lair:4   | Killed nalyd1's ghost
 22639 | Lair:5   | Entered Level 5 of the Lair of Beasts
 22839 | Lair:5   | Reached skill level 5 in Stealth
 22918 | Lair:5   | Found a frozen archway.
 22966 | IceCv    | Entered an ice cave
 23579 | IceCv    | Noticed a frost giant
 23653 | IceCv    | Gained mutation: Your large and strong wings let you fly.
                  | [Gargoyle growth]
 23653 | IceCv    | Reached XP level 14. HP: 27/90 MP: 14/14
 24682 | Lair:5   | Gained mutation: Your natural rate of healing is unusually
                  | fast. [potion of mutation]
 24682 | Lair:5   | Gained mutation: Your mind is acute. (Int +4, Str/Dex -1)
                  | [potion of mutation]
 24682 | Lair:5   | Gained mutation: You are somewhat resistant to further
                  | mutation. [potion of mutation]
 24692 | Lair:5   | Found a runed translucent door.
 25013 | Lair:5   | Reached ****** piety under Trog
 25208 | Lair:4   | Received a gift from Trog
 26113 | Lair:5   | Found a staircase to the Slime Pits.
 26836 | D:11     | Identified the +3 short sword "Qauku" {vorpal, rCorr Str+7
                  | SInv Stlth-}
 27098 | D:11     | Reached XP level 15. HP: 83/97 MP: 15/15
 27510 | D:11     | Reached skill level 15 in Maces & Flails
 28045 | D:12     | Received a gift from Trog
 28288 | D:12     | Found a staircase to the Orcish Mines.
 28460 | Orc:1    | Entered Level 1 of the Orcish Mines
 28518 | Orc:2    | Entered Level 2 of the Orcish Mines
 28625 | Orc:2    | Paralysed by an orc sorcerer for 4 turns
 29148 | Orc:2    | Found Lozoorch's General Store.
 29182 | Orc:2    | Found Amiot's Specific Store.
 29801 | Orc:1    | Noticed Fannar
 30149 | Orc:2    | Killed Fannar
 30389 | Orc:2    | Received a gift from Trog
 31017 | Orc:2    | Found a staircase to the Elven Halls.
 31383 | Orc:2    | Found Reify's Distillery.
 31384 | Orc:2    | Found Karhoaxa's Distillery.
 31385 | Orc:2    | Found Wailur's Distillery.
 31388 | Orc:2    | Noticed Maurice
 31390 | Orc:2    | Found Keceq's Distillery.
 31406 | Orc:2    | Killed Maurice
 31496 | Orc:2    | Bought a potion of heal wounds for 65 gold pieces
 31496 | Orc:2    | Bought a potion of heal wounds for 65 gold pieces
 31641 | D:10     | Bought the brooch of Shielding {Spirit SH+8} for 910 gold
                  | pieces
 31641 | D:10     | Found the brooch of Shielding {Spirit SH+8}
 31915 | D:13     | Received a gift from Trog
 32260 | D:13     | Found a gate to the Vaults.
 32313 | D:13     | Noticed Erolcha
 32335 | D:13     | Reached skill level 10 in Shields
 32366 | D:13     | Killed Erolcha
 32826 | D:13     | Reached XP level 16. HP: 104/104 MP: 4/16
 32956 | D:13     | Found a shadowy altar of Dithmenos.
 32956 | D:13     | Noticed Sonja
 32982 | D:13     | Killed Sonja
 33425 | D:14     | Found a blossoming altar of Fedhas.
 33880 | D:15     | Entered Level 15 of the Dungeon
 34655 | D:15     | Received a gift from Trog
 34674 | D:15     | Found a staircase to the Depths.
 34913 | Shoals:1 | Entered Level 1 of the Shoals
 35730 | Shoals:1 | Found a large runed translucent door.
 35730 | Shoals:1 | Found a large runed translucent door.
 35733 | Shoals:1 | Noticed middlethird's ghost (adept MeFE)
 35982 | Shoals:1 | Found a hide-covered altar of Uskayaw.
 36629 | Shoals:2 | Reached skill level 15 in Armour
 36694 | Shoals:2 | Found a shimmering altar of Xom.
 36742 | Shoals:2 | Found Risaf's Antique Weapon Shoppe.
 37508 | Shoals:3 | Received a gift from Trog
 37538 | Shoals:3 | Reached XP level 17. HP: 112/112 MP: 17/17
 38106 | Shoals:4 | Entered Level 4 of the Shoals
 38849 | Shoals:4 | Received a gift from Trog
 38901 | Shoals:4 | Identified the +2 falchion "Zuam" {flame, Str+4}
 39196 | Shoals:4 | Reached skill level 15 in Fighting
 39201 | Shoals:4 | Noticed a kraken
 39429 | Shoals:4 | Killed a kraken
 40270 | Shoals:4 | Got a barnacled rune of Zot
 40486 | Snake:1  | Entered Level 1 of the Snake Pit
 41024 | Snake:1  | Found Xenlun's Assorted Antiques.
 41035 | Snake:1  | Identified the +1 scale mail of Byppuco {Dex+2}
 41605 | Snake:2  | Found Deilis Bosi's Distillery.
 41677 | Snake:2  | Noticed Aizul
 41718 | Snake:2  | Killed Aizul
 41768 | Snake:2  | Reached XP level 18. HP: 119/119 MP: 6/18
 41935 | Snake:2  | Received a gift from Trog
 42118 | Snake:3  | Found Fameteip's Distillery.
 42152 | Snake:3  | Noticed Agnes
 42645 | Snake:3  | Found Onawus's Mayhem Merchandise.
 43520 | Snake:3  | Killed Agnes
 43913 | Snake:4  | Entered Level 4 of the Snake Pit
 44328 | Snake:4  | Reached skill level 15 in Shields
 44330 | Snake:4  | Received a gift from Trog
 44679 | D:10     | Bought a scroll of enchant weapon for 82 gold pieces
 44680 | D:10     | Bought a scroll of silence for 104 gold pieces
 45012 | Snake:4  | Reached skill level 10 in Dodging
 45200 | Snake:4  | Identified a scroll of acquirement
 45529 | Snake:4  | Noticed Vashnia
 45875 | Snake:4  | Killed Vashnia
 46015 | Snake:4  | Reached XP level 19. HP: 127/127 MP: 19/19
 46046 | Snake:4  | Received a gift from Trog
 46127 | Snake:4  | Got a serpentine rune of Zot
 46376 | D:10     | Bought a scroll of enchant armour for 82 gold pieces
 46502 | Vaults:1 | Entered Level 1 of the Vaults
 46502 | Vaults:1 | You are sucked into a shaft and drop 1 floor!
 46860 | Vaults:1 | Found a flickering gateway to a bazaar.
 46894 | Bazaar   | Entered a bazaar
 46894 | Bazaar   | Found Amu Epef's Assorted Antiques.
 46916 | Bazaar   | Found Xutysm's Antique Armour Emporium.
 46926 | Bazaar   | Found Qiudeosch's Weapon Shop.
 46934 | Bazaar   | Found Gewurgh's Assorted Antiques.
 46958 | Bazaar   | Bought a runed helmet for 255 gold pieces
 46958 | Bazaar   | Bought a shiny chain mail for 255 gold pieces
 46958 | Bazaar   | Bought a shiny chain mail for 255 gold pieces
 47806 | Vaults:1 | Received a gift from Trog
 49460 | Vaults:2 | Found a staircase to the Crypt.
 49482 | Vaults:2 | Paralysed by a vampire knight for 3 turns
 49960 | Abyss:2  | Cast into level 2 of the Abyss (a wizard)
 50216 | Abyss:2  | Noticed a bone dragon
 50319 | Abyss:2  | Received a gift from Trog
 50431 | Abyss:2  | Reached skill level 1 in Evocations
 50487 | Abyss:2  | Reached XP level 20. HP: 109/136 MP: 20/20
 50511 | Abyss:2  | Found a corrupted altar of Lugonu.
 50678 | Vaults:2 | Escaped the Abyss
 51999 | Vaults:2 | Received a gift from Trog
 53106 | Vaults:3 | Identified the +5 quarterstaff of Conversion {holy, rF-
                  | rC+++ Int+6 Dex-3}
 54915 | Vaults:4 | Received a gift from Trog
 54929 | Vaults:4 | Reached XP level 21. HP: 132/144 MP: 17/21
 56038 | Elf:1    | Entered Level 1 of the Elven Halls
 56614 | Elf:1    | Found Zeshro's Antique Weapon Emporium.
 56975 | Elf:1    | Found an ancient bone altar of Kikubaaqudgha.
 57372 | Elf:2    | Found a runed translucent gate.
 57372 | Elf:2    | Found a runed translucent gate.
 57372 | Elf:2    | Found a runed translucent gate.
 57795 | Elf:2    | Paralysed by an air elemental for 1 turns
 58335 | Elf:2    | Received a gift from Trog
 58489 | Elf:3    | Entered Level 3 of the Elven Halls
 59080 | Abyss:2  | Cast into level 2 of the Abyss (a deep elf sorcerer)
 59291 | Elf:3    | Escaped the Abyss
 59650 | Depths:1 | Entered Level 1 of the Depths
 59738 | Depths:1 | Reached XP level 22. HP: 133/152 MP: 19/22
 60194 | Depths:1 | Found the +3 warlock's mirror {reflect}
 60205 | Depths:1 | Received a gift from Trog
 60265 | Depths:1 | Paralysed by a great orb of eyes for 2 turns
 60782 | Depths:1 | Acquired 523 gold pieces
 60875 | Depths:1 | Found a gateway to Hell.
 61134 | Depths:2 | Noticed a golden dragon
 61176 | Depths:1 | Received a gift from Trog
 61206 | Depths:2 | Killed a golden dragon
 61265 | Depths:2 | Paralysed by a floating eye for 2 turns
 61272 | Depths:2 | Paralysed by a floating eye for 2 turns
 61357 | Depths:2 | Paralysed by a sphinx for 4 turns
 61376 | Depths:2 | Identified the +1 great sword of Circular Logic {venom, Fly
                  | rElec Dex-3}
 61432 | Depths:2 | Identified the +5 demon whip "Satifres" {chaos, rPois rC+
                  | rN+ Dex+2}
 61560 | Depths:2 | Noticed a caustic shrike
 61575 | Depths:2 | Killed a caustic shrike
 61647 | Depths:2 | Noticed a caustic shrike
 61647 | Depths:2 | Noticed a caustic shrike
 61662 | Depths:2 | Killed a caustic shrike
 61726 | Depths:2 | Found a one-way gate leading to the halls of Pandemonium.
 61776 | Depths:2 | Noticed a caustic shrike
 61784 | Depths:2 | Killed a caustic shrike
 61790 | Depths:2 | Killed a caustic shrike
 62491 | Depths:2 | Identified the +5 war axe "Tema Tumn" {venom, rN+}
 62663 | Depths:3 | Found Haluenom's Antique Armour Shoppe.
 62667 | Depths:3 | Found Ucvar's Weapon Shoppe.
 62670 | Depths:3 | Noticed a juggernaut
 62696 | Depths:3 | Killed a juggernaut
 62845 | Depths:3 | Found a one-way gate to the infinite horrors of the Abyss.
 62973 | Depths:3 | Received a gift from Trog
 63456 | Depths:3 | Reached XP level 23. HP: 125/160 MP: 16/23
 63523 | Depths:3 | Noticed a golden dragon
 63539 | Depths:3 | Killed a golden dragon
 64070 | Depths:3 | Bought a pair of glowing gloves for 292 gold pieces
 64090 | Depths:3 | Bought a shimmering plate armour for 1092 gold pieces
 64090 | Depths:3 | Identified the +1 plate armour "Foshre" {rCorr Dex+2} (You
                  | bought it in a shop on level 3 of the Depths)
 64118 | Depths:4 | Entered Level 4 of the Depths
 64280 | Depths:4 | Found a one-way gateway to a ziggurat.
 64731 | Depths:4 | Received a gift from Trog
 64841 | Depths:4 | Noticed Vv
 64887 | Depths:4 | Killed Vv
 65025 | Depths:4 | Noticed Xtahua
 65045 | Depths:4 | Killed Xtahua
 65047 | Depths:4 | Noticed Frederick
 65061 | Depths:4 | Killed Frederick
 65701 | Depths:4 | Found a glowing golden altar of the Shining One.
 65718 | Depths:4 | Found a burning altar of Makhleb.
 66305 | Depths:4 | Noticed a golden dragon
 66307 | Depths:4 | Found a gate to the Realm of Zot.
 66316 | Depths:4 | Killed a golden dragon
 67046 | Abyss:3  | Cast into level 3 of the Abyss (a deep elf sorcerer)
 67135 | Elf:3    | Escaped the Abyss
 67146 | Elf:3    | Received a gift from Trog
 67161 | Elf:3    | Identified the +8 whip "Wilauph" {flame, rC+++ rN++ Will-
                  | Int-2}
 67535 | Elf:3    | Reached XP level 24. HP: 169/169 MP: 23/23
 67606 | Elf:3    | Gained mutation: You are robust. (+10% HP) [a cacodemon]
 67675 | Elf:3    | Identified the +2 long sword "Famiexat" {distort, rElec
                  | Will+ MP+9 Str-5}
 67684 | Elf:3    | Identified the +4 long sword "Worm" {elec, Int+4}
 67689 | Abyss:3  | Cast into level 3 of the Abyss (a deep elf sorcerer)
 67895 | Abyss:3  | Received a gift from Trog
 68458 | Abyss:4  | Paralysed by accursed screaming for 1 turns
 68468 | Abyss:4  | Paralysed by accursed screaming for 1 turns
 68508 | Abyss:4  | Found a transporter.
 68520 | Abyss:4  | Noticed an ancient lich
 68538 | Abyss:4  | Received a gift from Trog
 68557 | Abyss:4  | Paralysed by accursed screaming for 1 turns
 68562 | Abyss:4  | Paralysed by accursed screaming for 2 turns
 68568 | Abyss:4  | Paralysed by accursed screaming for 1 turns
 68570 | Elf:3    | Escaped the Abyss
 68580 | Elf:3    | Killed from afar by a deep elf sorcerer

Illustrated notes

Levels and vault maps discovered:
D:1:      evilmike_arrival_rings, layout_basic, grunt_decor_mini_mirrors
D:2:      layout_basic, uniq_crazy_yiuf_cottage
D:3:      layout_basic, hellmonk_ecumenical_altar_arch_garden,
          gammafunk_ghost_nasty_kobolds
D:4:      layout_loops_cross, minmay_misc_feat_rugged, minmay_misc_feat_chi
D:5:      layout_cave_pools, gammafunk_temple_overflow_pools, serial_shops,
          nicolae_diamond_shop, nicolae_stop_n_shop_1
D:6:      layout_loops_ring, kiku_gazebo_garden_becter,
          mainiacjoe_overflow_chevrons, nicolae_ossuary_entry_catacombs,
          serial_shops, nicolae_lakefront_shop, corner_web_ring, uniq_edmund
D:7:      minmay_the_grid_octo_tiled_squarecenter
          [minmay_the_grid_octo_fat_diamond, minmay_the_grid_octo_focus,
          minmay_the_grid_octo_checkerflower, minmay_the_grid_octo_clover,
          minmay_the_grid_square_5x5_megaprize_open,
          minmay_the_grid_square_5x5_percent,
          minmay_the_grid_square_5x5_tetrominoes,
          minmay_the_grid_square_5x5_pentomino_r,
          minmay_the_grid_square_5x5_bite], layout_basic,
          minmay_temple_entry_nine_rooms, serial_glass, glass_columns_c,
          glass_columns_b, lightli_church_of_beogh, uniq_menkaure, uniq_maggie,
          uniq_duvessa, uniq_joseph
D:8:      layout_basic, grunt_gozag_breadcrumbs, serial_glass, glass_columns_b,
          glass_columns_a
D:9:      layout_long_grid, okawaru_ov_weapons_minmay,
          nicolae_sif_muna_condensation, david_lair_generic, kennysheep_nub
D:10:     layout_loops_ring, serial_shops, nicolae_shop_advertising_works
          [nicolae_subvault_shop_adworks], shop, nicolae_shop_window_shopping,
          kennysheep_little_box, shop, serial_co_window_serial,
          co_window_paths_b, co_window_of_opportunity_a, co_window_paths_a,
          co_window_paths_a, co_window_paths_a, co_window_cross_3,
          co_window_2corner, co_window_cross_3, co_window_cross_3,
          co_window_4corner_a, co_window_paths_d
D:11:     minmay_chambers_of_sixes, layout_loops_cross, serial_demonic,
          serial_demonic_d, serial_demonic_g, serial_demonic_d, serial_demonic_f
D:12:     layout_roguey [special_room_orc], david_orc_2, evilmike_butchery
D:13:     minmay_dotted_concentric_squares, layout_long_grid, david_vaults_4,
          grunt_ministairs_3, nicolae_dithmenos_through_a_glass_darkly,
          uniq_erolcha, uniq_sonja
D:14:     layout_rooms, fedhas_altar_fruit_tree
D:15:     hangedman_depths_entry_try_elsewhere_first, layout_rooms
Lair:1:   layout_hall_layers, infiniplex_staircase_pool
Lair:2:   layout_loops_ring, shoals_dummy_entry
Lair:3:   layout_gridlike, minmay_snake_entry_six_corridors, grunt_megastairs_2
Lair:4:   layout_layer_cave, ebering_ghost_inner_flame,
          chequers_serial_rivers_micro_c, lemuel_fruit_fields
Lair:5:   hangedman_lair_tendril_chambers, layout_gridlike, slime_entry_2,
          portal_ice_cave_entry_ice_simulacra
Shoals:1: layout_shoals, ebering_ghost_disaster_area, lemuel_centaur_altar
Shoals:2: layout_shoals, serial_shops, shop, nicolae_shoals_cliffside_cave,
          lemuel_oklob_altar
Shoals:3: layout_shoals, nicolae_shoals_water_booths
Shoals:4: shoals_end_simple, layout_shoals
Snake:1:  layout_concentric_octagons, serial_shops, shop, st_stairs_10
Snake:2:  layout_onion, serial_shops, shop, uniq_aizul
Snake:3:  layout_chambers, serial_shops, nicolae_stop_n_shop_2,
          minmay_shop_mayhem, grunt_ministairs_14, nicolae_integral_box,
          uniq_agnes
Snake:4:  grunt_snake_rune_serpentine_throne, layout_misc_corridors
Orc:1:    layout_diamond_mine, special_room [special_room_orc], uniq_fannar
Orc:2:    st_orc_mages, layout_diamond_mine, basic_altar,
          nicolae_specific_store, uniq_maurice
Elf:1:    nicolae_elf_arrival_no_cutting_in_line, layout_loops_corners,
          basic_altar, serial_glass, glass_columns_b, glass_columns_a,
          glass_columns_a, glass_columns_a, glass_columns_a, glass_columns_a,
          glass_columns_b, glass_columns_a, minmay_strange_pillars,
          feat_on_display, minmay_strange_pillars, due_unseen_surprise,
          serial_shops, shop_fountains, minivault_28, st_stairs_8
Elf:2:    nicolae_elf_blades_splatter_lattice [nooodl_blade_entry_preview],
          layout_loops_corners, nicolae_elf_loose_elemental_storage
Elf:3:    minmay_elf_hall_hex, layout_geoelf_octagon, minivault_24
Vaults:1: hangedman_vaults_nails, grunt_vaults_trifunnel,
          nicolae_vaults_little_squares_2, v_misc_2, grunt_vaults_hallway_short,
          nicolae_vaults_network_periphery, vaults_room_boxed,
          nicolae_vaults_network_quinsquares
          [nicolae_vaults_network_quincunx_subvault,
          nicolae_vaults_network_quincunx_subvault,
          nicolae_vaults_network_quincunx_subvault,
          nicolae_vaults_network_quincunx_subvault], vaults_room_pool,
          ontoclasm_vaults_ring_small, nicolae_vaults_shelves_hall,
          vaults_mumra_chevron_long, vaults_dpeg_ring,
          ontoclasm_vaults_ring_square, vaults_mumra_chevron,
          nicolae_vaults_little_squares_2, nicolae_vaults_diagonal_hallway_7,
          nicolae_vaults_ring_of_whatevers, nicolae_vaults_circle_grid_b,
          nicolae_vaults_little_squares_4, layout_vaults_maze_bifur,
          serial_shops, bzr_entry_safe
Vaults:2: nicolae_vaults_ninety_degrees, ontoclasm_vaults_spin,
          vaults_mumra_minichess_inversion, minmay_crypt_entry_simple_round,
          vaults_room_door_hall, vaults_room_pool, vaults_room_stairs_pillars,
          ontoclasm_vaults_loading_screen, layout_vaults_quadrants
Vaults:3: nicolae_vaults_network_quincunx
          [nicolae_vaults_network_quincunx_subvault,
          nicolae_vaults_network_quincunx_subvault,
          nicolae_vaults_network_quincunx_subvault,
          nicolae_vaults_network_quincunx_subvault,
          nicolae_vaults_network_quincunx_subvault], v_misc_15, v_pattern_1,
          nicolae_vaults_little_squares_1, nicolae_vaults_little_ls, v_misc_24,
          nicolae_vaults_ring_of_whatevers, nicolae_vaults_bisected_slash,
          layout_vaults_big_room
Vaults:4: v_misc_25, vaults_dpeg_hooks, v_misc_14, grunt_vaults_swirl,
          v_misc_29, nicolae_vaults_murderbox, hangedman_vaults_stitches,
          nicolae_vaults_little_squares_5, nicolae_vaults_ring_of_whatevers,
          v_alt_pattern_1, v_misc_2, grunt_vaults_hallway_short,
          nicolae_vaults_asterisk, layout_vaults_ring
Depths:1: layout_basic, hell_entry, reono_crystal_passage,
          chequers_serial_rivers_room_b, minmay_liquid_box, minivault_16,
          minislime_mu, infiniplex_staircase_pool_lava
Depths:2: minmay_fractal_lines_corner, layout_honeycomb, grunt_decor_fettered,
          rand_demon_pan_entry_4, hell_entry, serial_bayou_shore_a,
          serial_bayou_shore_b, infiniplex_staircase_pillars_1
Depths:3: minmay_outward_triangles, layout_basic, hangedman_abyss_entry_splay,
          infiniplex_staircase_pool_1, grunt_hell_horde, firewood_loft,
          minmay_shop_star
Depths:4: grunt_zot_entry_gee_three, layout_small_grid, enter_ziggurat_e,
          abyss_entry, pf_dread_powers_of_hell, hex_medium,
          statue_in_the_mist_lemuel, st_stairs_10, nzn_life_drinkers,
          uniq_xtahua, uniq_frederick, uniq_vv

Skill      XL: |  1  2  3  4  5  6  7  8  9 10 11 12 13 14 15 16 17 18 19 20 21 22 23 24 |
---------------+-------------------------------------------------------------------------+-----
Dodging        | 2 3 4 5 6 7 8 9 10 11 | 11.0
Maces & Flails | 4 5 6 7 9 10 12 14 15 16 17 18 19 | 19.8
Armour         | 3 4 6 7 8 9 11 12 13 14 15 16 17 18 19 20 | 20.3
Fighting       | 4 5 6 8 9 10 11 12 13 14 15 16 17 19 20 21 22 | 22.9
Stealth        | 1 2 3 4 5 6 |  6.4
Ranged Weapons | 2 3 4 5 6 7 8 9 |  9.2
Shields        | 2 5 6 8 10 12 13 16 18 19 20 21 22 | 22.9
Throwing       | 1 3 |  3.3
Evocations     | 1 |  1.3
Unarmed Combat | |  0.4

Action                   |  1- 3 |  4- 6 |  7- 9 | 10-12 | 13-15 | 16-18 | 19-21 | 22-24 || total
-------------------------+-------+-------+-------+-------+-------+-------+-------+-------++-------
Melee: Mace              |   132 |   182 |   283 |       |       |       |       |       ||   597
       Punch             |       |       |     6 |    10 |       |       |       |       ||    16
       Flail             |       |       |    99 |   920 |  2255 |  2094 |       |       ||  5368
       Demon whip        |       |       |       |   132 |   402 |   474 |   118 |    63 ||  1189
       Unarmed           |       |       |       |       |    12 |       |       |       ||    12
       Eveningstar       |       |       |       |       |       |   283 |  1788 |  1507 ||  3578
 Fire: Sling             |       |       |    45 |   134 |   170 |   325 |    63 |    10 ||   747
       Shortbow          |       |       |     3 |       |       |       |       |       ||     3
Throw: Stone             |       |    12 |     4 |    21 |       |       |       |       ||    37
       Dart              |       |       |       |       |     8 |    44 |     2 |       ||    54
       Boomerang         |       |       |       |       |       |       |       |    94 ||    94
Invok: Berserk           |       |     2 |     4 |     5 |     2 |     4 |     1 |     2 ||    20
       Brothers in Arms  |       |       |       |     1 |       |     1 |     2 |     1 ||     5
 Abil: Evoke Blink       |       |       |       |       |     2 |     6 |     7 |     1 ||    16
Evoke: Wand              |       |       |       |       |     2 |       |       |       ||     2
       Box of beasts     |       |       |       |       |     1 |       |       |       ||     1
       Phial of floods   |       |       |       |       |       |       |       |     1 ||     1
  Use: Scroll            |       |     4 |     6 |    10 |    12 |    18 |    18 |    10 ||    78
       Potion            |       |       |       |     2 |     6 |       |     3 |     9 ||    20
 Stab: Invisible         |       |     2 |       |       |       |       |       |       ||     2
       Sleeping          |       |     2 |     6 |     5 |    12 |       |       |     1 ||    26
       Distracted        |       |       |       |       |     3 |       |     3 |       ||     6
Armor: Animal skin       |    58 |    85 |    54 |       |       |       |       |       ||   197
       Leather armour    |       |       |    88 |       |       |       |       |       ||    88
       Ring mail         |       |       |    24 |   445 |   136 |       |       |       ||   605
       Scale mail        |       |       |       |       |   928 |   502 |    16 |       ||  1446
       Chain mail        |       |       |       |       |       |   497 |   468 |       ||   965
       Plate armour      |       |       |       |       |       |       |    56 |   309 ||   365
       Skin              |       |       |       |       |       |       |       |    47 ||    47
       Gold dragon scale |       |       |       |       |       |       |       |     7 ||     7
       Shadow dragon sca |       |       |       |       |       |       |       |     7 ||     7
       Fire dragon scale |       |       |       |       |       |       |       |     6 ||     6
Dodge: Dodged            |   119 |   134 |   204 |   596 |  1752 |  1397 |   428 |   322 ||  4952
       Repelled          |       |       |       |       |       |    47 |     6 |       ||    53
Block: Buckler           |       |       |       |   121 |   804 |  1924 |       |       ||  2849
       Tower shield      |       |       |       |       |       |   578 |  2579 |  1763 ||  4920
       Reflection        |       |       |       |       |       |       |   144 |    40 ||   184
